 Dungeon Crawl Stone Soup version 0.25.1-1-g288607f5aa (webtiles) character file.

Game seed: 17801076857115924372

13468 Elvor the Cleaver (level 11, 0/101 HPs)
             Began as a Minotaur Fighter on July 24, 2020.
             Was a High Priest of Okawaru.
             Slain by a komodo dragon (15 damage)
             ... on level 1 of the Lair of Beasts.
             The game lasted 01:30:33 (9271 turns).

Elvor the Cleaver (Minotaur Fighter)                Turns: 9271, Time: 01:30:34

Health: 0/101      AC: 16    Str: 24    XL:     11   Next: 76%
Magic:  15/15      EV:  7    Int:  5    God:    Okawaru [*****.]
Gold:   827        SH: 12    Dex: 10    Spells: 10/10 levels left

rFire    + . .     SeeInvis +   a - +0 war axe
rCold    + . .     Gourm    .   c - +0 kite shield
rNeg     . . .     Faith    .   Y - +0 plate armour
rPois    .         Spirit   .   (helmet restricted)
rElec    +         Reflect  .   O - +0 cloak
rCorr    .         Harm     .   k - +0 pair of gloves
MR       .....                  (no boots)
Stlth    ..........             z - amulet of regeneration
HPRegen  0.66/turn              W - ring "Arin" {rElec rF+ rC+}
MPRegen  0.14/turn              v - ring of see invisible

@: lethally poisoned (0 -> -1)
A: retaliatory headbutt, horns 2
a: Heroism, Finesse, Renounce Religion


You were on level 1 of the Lair of Beasts.
You worshipped Okawaru.
Okawaru was extremely pleased with you.
You were not hungry.

You visited 3 branches of the dungeon, and saw 13 of its levels.

You collected 827 gold pieces.

Inventory:

Hand Weapons
 a - a +0 war axe (weapon)
 P - a +0 scimitar of flaming
Missiles
 l - 3 boomerangs
 A - 4 javelins (quivered)
Armour
 c - a +0 kite shield (worn)
 k - a +0 pair of gloves (worn)
 O - a +0 cloak (worn)
 Y - a +0 plate armour (worn)
Jewellery
 g - an uncursed ring of flight
 j - an uncursed ring of protection from fire
 v - a ring of see invisible (right hand)
 z - an amulet of regeneration (around neck)
 W - the ring "Arin" (left hand) {rElec rF+ rC+}
   (You found it on level 9 of the Dungeon)

   [ring of protection from cold]

   It protects you from fire.
   It protects you from cold.
   It insulates you from electricity.
Wands
 m - a wand of enslavement (13)
 B - a wand of acid (5)
Scrolls
 b - a scroll of blinking {unknown}
 h - 7 scrolls of remove curse
 i - a scroll of immolation {unknown}
 p - 2 scrolls of noise {unknown}
 q - a scroll of random uselessness {unknown}
 r - 2 scrolls of amnesia
 w - 5 scrolls of teleportation
 x - 2 scrolls of enchant armour {unknown}
 y - 3 scrolls of fog
 F - 4 scrolls of enchant weapon {unknown}
 R - a scroll of torment {unknown}
 V - 3 scrolls of magic mapping {unknown}
Potions
 d - 2 potions of might
 e - a potion of flight {unknown}
 n - 2 potions of stabbing {unknown}
 o - 3 potions of lignification
 s - 2 potions of degeneration {unknown}
 t - a potion of magic {unknown}
 E - 4 potions of haste
 I - a potion of heal wounds
 J - 5 potions of curing
 K - a potion of ambrosia {unknown}
Comestibles
 f - 22 rations
 u - 6 chunks of flesh


   Skills:
 * Level 10.6 Fighting
 + Level 1.3 Long Blades
 + Level 12.6 Axes
 + Level 5.6 Throwing
 + Level 8.5 Armour
 + Level 3.2 Dodging
 + Level 0.2 Stealth
 + Level 9.2 Shields
 * Level 6.7 Invocations


You had 10 spell levels left.
You didn't know any spells.
Your spell library contained the following spells:

 Spells                   Type           Power        Failure   Level  Hunger
 Cause Fear               Hex            #.........   100%        4    #####..
 Silence                  Hex/Air        #.........   100%        5    ######.
 Yara's Violent Unravell  Hex/Tmut       #.........   100%        5    ######.
 Discord                  Hex            #.........   100%        8    #######


Dungeon Overview and Level Annotations

Branches:
Dungeon (11/15)            Temple (1/1) D:7            Lair (1/6) D:8
    Orc (0/2) D:10

Altars:
Ashenzari
Cheibriados
Dithmenos
Elyvilon
Fedhas
Gozag
Hepliaklqana
Kikubaaqudgha
Makhleb
Nemelex Xobeh
Okawaru
Qazlal
Ru
Sif Muna
Trog
Uskayaw
Vehumet
Wu Jian
Xom
Yredelemnul
Zin
The Shining One

Portals:
Trove: D:11 (give 14 scrolls of teleportation)


Innate Abilities, Weirdness & Mutations

You reflexively headbutt those who attack you in melee.
You have a pair of horns on your head.


Message History

You are struck by the porcupine's spines.
* * * LOW HITPOINT WARNING * * *
You slice the porcupine!!
You kill the porcupine!
Okawaru accepts your kill.
You feel sick.
You hit the komodo dragon but do no damage.
You feel sick. You block the komodo dragon's attack.
You hit the komodo dragon but do no damage.
You feel sick. The komodo dragon closely misses you. You furiously retaliate!
You headbutt the komodo dragon, but do no damage.
You slash the komodo dragon!
The komodo dragon is moderately wounded.
You feel sick. You block the komodo dragon's attack.
You slash the komodo dragon!
The komodo dragon is heavily wounded.
You feel sick. The komodo dragon bites you!!
* * * LOW HITPOINT WARNING * * *
You feel much better. The komodo dragon bites you!
You die...

.........................#
.........................#
.........................#
.........................#
.....>...................#
.........................#
.........................#
................†......
...............@.......
P######.....###l#..###.
#....## ..# ## #...## ##.#
#...# #.. P...# #.. ...#
P(##


You could see a komodo dragon.

Vanquished Creatures
  Erica (D:8)
  A hydra (D:11)
  Urug (D:11)
  A cyclops (D:11)
  Maurice (D:8)
  Psyche (D:11)
  A gargoyle (D:9)
  4 spiny frogs (Lair:1)
  2 hornets
  2 hippogriffs
  A wyvern (D:11)
  2 basilisks (Lair:1)
  3 hogs (D:7)
  8 yaks
  A human (D:7)
  A steam dragon (D:10)
  Menkaure (D:5)
  4 porcupines (Lair:1)
  3 water moccasins
  A phantom (D:7)
  9 orc warriors
  3 ice beasts
  2 necrophages
  7 ogres
  3 centaurs
  2 wolves (Lair:1)
  3 crocodiles
  7 bullfrogs
  A big kobold (D:11)
  2 scorpions
  A water moccasin skeleton (D:9)
  A killer bee (D:10)
  6 howler monkeys
  9 crimson imps
  A centaur zombie (D:8)
  5 orc priests
  4 hounds
  2 jellies
  15 orc wizards
  3 centaur skeletons
  2 iguanas
  9 worker ants
  A hound zombie (D:7)
  2 hound skeletons
  10 adders
  2 oozes
  2 adder zombies
  3 adder skeletons
  2 dart slugs
  6 leopard geckos
  39 orcs
  5 giant cockroaches
  10 goblins
  9 hobgoblins
  7 jackals
  9 kobolds
  7 quokkas
  A ball python (D:1)
  9 bats
  8 frilled lizards
  A jackal zombie (D:7)
  A quokka zombie (D:8)
  8 rats
  2 fungi (D:1)
281 creatures vanquished.

Vanquished Creatures (others)
  A human (D:4)
  5 bushes (D:4)
  3 toadstools (D:1)
9 creatures vanquished.

Grand Total: 290 creatures vanquished

Notes
Turn   | Place    | Note
-------+----------+-------------------------------------------
     0 | D:1      | Elvor the Minotaur Fighter began the quest for the Orb.
     0 | D:1      | Reached XP level 1. HP: 19/19 MP: 0/0
   159 | D:1      | Reached XP level 2. HP: 27/27 MP: 1/1
   307 | D:1      | Reached skill level 3 in Axes
   394 | D:1      | Reached XP level 3. HP: 21/33 MP: 2/2
  1151 | D:2      | You fall into a shaft and drop 1 floor!
  1277 | D:3      | Found a snail-covered altar of Cheibriados.
  1436 | D:2      | Reached XP level 4. HP: 39/40 MP: 3/3
  1962 | D:2      | Found a shattered altar of Ashenzari.
  2376 | D:3      | Reached skill level 4 in Axes
  2532 | D:3      | Found a shimmering blue altar of Sif Muna.
  2564 | D:3      | Found a shimmering altar of Xom.
  2576 | D:3      | Reached XP level 5. HP: 45/47 MP: 4/4
  2592 | D:3      | Reached skill level 5 in Armour
  2608 | D:3      | Reached skill level 5 in Axes
  2608 | D:3      | Reached skill level 1 in Dodging
  2775 | D:4      | Found a blossoming altar of Fedhas.
  2777 | D:4      | Noticed a centaur
  2789 | D:4      | Noticed an ogre
  2795 | D:3      | Killed a centaur
  2795 | D:3      | Reached XP level 6. HP: 8/53 MP: 5/5
  3030 | D:4      | You fall into a shaft and drop 1 floor!
  3030 | D:5      | Entered Level 5 of the Dungeon
  3451 | D:4      | Reached skill level 5 in Fighting
  3451 | D:4      | Reached skill level 6 in Axes
  3486 | D:4      | Reached XP level 7. HP: 55/61 MP: 6/6
  3487 | D:4      | Found a hide-covered altar of Uskayaw.
  3648 | D:4      | Found a sparkling altar of Nemelex Xobeh.
  3848 | D:4      | Reached skill level 5 in Shields
  3905 | D:4      | Found an ancient bone altar of Kikubaaqudgha.
  3906 | D:4      | Noticed a human
  3908 | D:4      | Killed a human
  4147 | D:5      | Found an iron altar of Okawaru.
  4162 | D:5      | Became a worshipper of Warmaster Okawaru
  4290 | D:5      | Reached skill level 7 in Axes
  4290 | D:5      | Reached skill level 1 in Throwing
  4316 | D:5      | Noticed Menkaure
  4327 | D:5      | Killed Menkaure
  4503 | D:6      | Reached XP level 8. HP: 67/70 MP: 7/7
  4505 | D:6      | Reached * piety under Okawaru
  4672 | D:6      | Found an ancient bone altar of Kikubaaqudgha.
  4696 | D:6      | Reached skill level 8 in Axes
  4778 | D:6      | Reached skill level 1 in Invocations
  5127 | D:7      | Reached ** piety under Okawaru
  5206 | D:7      | Reached XP level 9. HP: 41/79 MP: 9/9
  5210 | D:7      | Reached skill level 9 in Axes
  5372 | D:7      | Reached *** piety under Okawaru
  5436 | D:7      | Found a staircase to the Ecumenical Temple.
  5445 | D:7      | Reached skill level 10 in Axes
  5582 | Temple   | Entered the Ecumenical Temple
  5750 | D:8      | Noticed Maurice
  5771 | D:8      | Killed Maurice
  6049 | D:8      | Noticed Erica
  6069 | D:8      | Killed Erica
  6069 | D:8      | Reached **** piety under Okawaru
  6069 | D:8      | Reached XP level 10. HP: 88/90 MP: 9/12
  6103 | D:8      | Found Ruz Nyg's Gadget Shop.
  6190 | D:8      | Found a staircase to the Lair.
  6241 | D:8      | Paralysed by a hornet for 3 turns
  6695 | D:9      | Reached ***** piety under Okawaru
  6779 | D:9      | Reached skill level 11 in Axes
  6852 | D:9      | Reached skill level 5 in Invocations
  6907 | D:9      | Got an ancient amber ring
  6914 | D:9      | Identified the ring "Arin" {rElec rF+ rC+} (You found it on
                  | level 9 of the Dungeon)
  7026 | D:10     | Entered Level 10 of the Dungeon
  7026 | D:10     | Noticed a gargoyle
  7035 | D:9      | Killed a gargoyle
  7062 | D:9      | Received a gift from Okawaru
  7151 | D:10     | Found a staircase to the Orcish Mines.
  7949 | D:11     | Reached XP level 11. HP: 84/99 MP: 14/14
  7977 | D:11     | Noticed a six-headed hydra
  7990 | D:11     | Killed a one-headed hydra
  8134 | D:11     | Noticed Urug
  8151 | D:11     | Killed Urug
  8151 | D:11     | Reached skill level 10 in Fighting
  8151 | D:11     | Reached skill level 1 in Long Blades
  8155 | D:11     | Reached skill level 12 in Axes
  8354 | D:11     | Noticed Psyche
  8362 | D:11     | Killed Psyche
  8660 | D:11     | Found a portal to a secret trove of treasure.
  8979 | Lair:1   | Entered Level 1 of the Lair of Beasts
  9081 | Lair:1   | Reached skill level 5 in Throwing
  9139 | Lair:1   | Received a gift from Okawaru
  9262 | Lair:1   | Received a gift from Okawaru
  9270 | Lair:1   | HP: 1/101 [komodo dragon (20)]
  9271 | Lair:1   | Slain by a komodo dragon

Illustrated notes

Levels and vault maps discovered:
D:1:      dpeg_arrival_castle, layout_basic, minmay_gold_behind_fungi,
          minmay_octomino_c4
D:2:      kb_forest_paths, layout_basic, nicolae_overflow_crystal_walls
D:3:      layout_loops_cross, old_standard_altar, lemuel_blue_sif_altar,
          led_xom_imps, first_ration, corner_web_ring, kennysheep_donut
D:4:      layout_loops_corners, fedhas_bush_and_centaur_altar,
          eat_drink_and_be_merry_uskayaw, lemuel_crystal_altar,
          tgw_kikubaaqudgha
D:5:      layout_loops_cross, kennysheep_okawaru_gauntlet, uniq_menkaure
D:6:      layout_cave_pools, lemuel_round_altar, st_stairs_5
D:7:      layout_rooms, minmay_temple_entry_waves, grunt_livestock
D:8:      layout_basic, lair_entry_dummy, serial_shops,
          nicolae_shop_window_shopping, serial_glass, glass_columns_a,
          glass_columns_b, item_on_display_a, item_on_display_a, uniq_maurice,
          uniq_erica
D:9:      layout_rooms
D:10:     layout_long_grid, david_orc_2, minmay_fractal_squares_5
D:11:     layout_stronghold, enter_trove_3, kennysheep_generic_room_13,
          uniq_urug, uniq_psyche
Temple:   eino_temple_lava
Lair:1:   layout_long_grid, beast_lair_carwin_6

Skill      XL: |  1  2  3  4  5  6  7  8  9 10 11 |
---------------+----------------------------------+-----
Armour         | 4 5 6 7 8 |  8.5
Shields        | 4 5 7 8 9 |  9.2
Axes           | 3 4 5 6 7 8 10 11 12 | 12.6
Fighting       | 4 5 7 8 9 10 | 10.6
Dodging        | 1 2 3 |  3.2
Throwing       | 2 3 4 5 |  5.6
Invocations    | 2 4 5 6 |  6.7
Long Blades    | 1 |  1.3
Stealth        | |  0.2

Action                   |  1- 3 |  4- 6 |  7- 9 | 10-12 || total
-------------------------+-------+-------+-------+-------++-------
Melee: War axe           |   111 |   115 |   270 |   362 ||   858
       Headbutt          |    12 |    16 |    53 |    74 ||   155
       Scimitar          |       |       |       |     7 ||     7
Throw: Dart              |       |     3 |    40 |       ||    43
       Boomerang         |       |       |    12 |    71 ||    83
       Javelin           |       |       |       |    23 ||    23
Invok: Heroism           |       |       |     1 |     1 ||     2
       Finesse           |       |       |       |     1 ||     1
  Use: Scroll            |       |     1 |     5 |     3 ||     9
       Potion            |       |       |       |     3 ||     3
  Eat: Chunk             |     2 |     3 |     3 |     3 ||    11
       Ration            |       |     1 |     2 |     2 ||     5
Armor: Scale mail        |    39 |    55 |    11 |       ||   105
       Chain mail        |       |       |    85 |    51 ||   136
       Skin              |       |       |     1 |       ||     1
       Plate armour      |       |       |       |   112 ||   112
Dodge: Dodged            |    23 |    29 |    66 |    86 ||   204
Block: Kite shield       |    49 |    53 |   141 |   178 ||   421
